Map: Lerilak Crest

Players

RandyMarsh - Winner!

  • Race: Terran Terran
  • League: Silver

wabbajack

  • Race: Zerg Zerg
  • League: Gold

VOD

Have the link to the VOD?

Description

Time

  • Played on: July 17, 2015, 7:15 p.m.
  • Length: 11:35
Show
View Real Time Build Order
Export as new Build Order

RandyMarsh Terran - Winner!

Build Orders: MMM Bio 

Get SALT Encoding   

  12  0:01  SCV  
  13  0:13  SCV  
  14  0:20  Supply Depot  
  14  0:26  SCV  
  15  0:41  SCV  
  16  0:44  Barracks  
  16  0:52  Refinery  
  16  0:53  SCV  
  17  1:05  SCV  
  18  1:18  SCV  
  19  1:30  SCV  
  20  1:35  Reaper  
  20  1:38  Command Center  
  21  1:50  SCV, Supply Depot  
  22  2:02  Orbital Command  
  22  2:08  Reaper  
  23  2:12  Refinery  
  23  2:40  Reaper  
  24  2:56  SCV  
  24  2:58  Command Center, Factory  
  23  3:08  SCV  
  23  3:12  Barracks Reactor  
  24  3:17  SCV  
  25  3:22  Orbital Command  
  25  3:31  SCV  
  26  3:43  Bunker  
  26  3:51  SCV x2, Starport  
  28  3:56  Barracks Tech Lab, Refinery  
  28  3:57  Hellion x2  
  32  4:03  SCV  
  32  4:04  SCV  
  34  4:16  Refinery  
  35  4:18  Hellion, Orbital Command  
  35  4:19  Hellion, Stimpack  
  35  4:21  Marine  
  39  4:26  SCV  
  39  4:27  SCV  
  41  4:38  SCV  
  42  4:42  Barracks x2  
  42  4:43  Liberator x2  
  42  4:48  Armory  
  42  4:56  SCV x2  
  42  4:59  Factory Tech Lab  
  44  5:03  Marine  
  44  5:07  SCV  
  52  5:12  Supply Depot  
  52  5:21  Marine  
  53  5:39  Marine  
  54  5:47  Barracks Reactor  
  54  5:48  Barracks Reactor  
  54  5:49  Siege Tank  
  46  5:59  Liberator  
  44  6:07  Marine  
  38  6:21  Siege Tank  
  38  6:24  Marine  
  42  6:37  SCV x2  
  42  6:38  SCV  
  45  6:42  Marine  
  46  6:49  SCV  
  46  6:50  SCV x2, Marine  
  46  6:51  Marine x3  
  53  7:00  Marine  
  54  7:01  SCV  
  54  7:02  SCV  
  56  7:08  Marine x2  
  58  7:18  Marine  
  58  7:24  Marine  
  58  7:28  Marine x2  
  58  7:29  SCV x3  
  63  7:36  Marauder  
  59  7:54  Marine x4  
  59  7:58  Marauder  
  60  8:11  Marine x2  
  60  8:12  Marine  
  63  8:15  Engineering Bay  
  63  8:16  Engineering Bay  
  63  8:17  SCV x2  
  63  8:18  Marine  
  63  8:19  Marauder  
  68  8:23  Supply Depot  
  68  8:24  SCV  
  68  8:25  Supply Depot  
  69  8:34  Combat Shields  
  69  8:35  SCV x2, Marine x3  
  69  8:36  SCV  
  75  8:52  Missile Turret  
  75  8:54  Missile Turret  
  75  8:55  Missile Turret  
  75  9:13  Marine  
  75  9:14  Marauder  
  75  9:16  Missile Turret, Medivac  
  80  9:17  Missile Turret  
  77  9:30  SCV  
  78  9:37  Marine x2  
  78  9:38  Medivac, Marauder  
  84  9:39  SCV  
  84  9:42  SCV  
  86  9:53  SCV, Refinery, Orbital Command  
  86  9:59  Marauder  
  89  10:05  Liberator  
  89  10:21  Liberator  
  92  10:30  SCV  
  93  10:38  SCV x2  
  93  10:41  Supply Depot  
  93  10:42  Supply Depot, SCV  
  99  10:43  Supply Depot  
  99  10:46  Supply Depot  
  99  10:50  SCV x2  
  99  10:54  SCV  
Show
View Real Time Build Order
Export as new Build Order

wabbajack Zerg 

Build Orders: Hatch First, Lurkers 

Get SALT Encoding   

  12  0:01  Drone  
  13  0:13  Overlord  
  13  0:18  Drone  
  14  0:27  Extractor  
  14  0:28  Drone  
  15  0:41  Drone x2  
  17  0:56  Hatchery  
  16  1:00  Drone, Extractor  
  16  1:03  Drone  
  17  1:18  Spawning Pool  
  17  1:22  Drone  
  17  1:24  Drone  
  18  1:29  Drone  
  19  1:43  Drone  
  20  1:50  Drone  
  21  2:01  Overlord  
  21  2:07  Queen  
  23  2:09  Queen  
  23  2:11  Metabolic Boost  
  25  2:16  Drone  
  25  2:18  Drone  
  27  2:28  Zergling x4  
  29  2:30  Zergling x2  
  28  2:44  Spore Crawler  
  28  2:46  Extractor  
  28  3:19  Pneumatized Carapace  
  28  3:21  Baneling Nest  
  28  3:23  Queen  
  28  3:26  Overlord  
  29  3:27  Drone  
  29  3:28  Drone x6  
  36  3:51  Overlord  
  36  3:52  Drone x6  
  42  4:06  Hatchery  
  41  4:13  Zergling x2  
  41  4:14  Zergling x4  
  44  4:18  Baneling x2  
  44  4:35  Lair, Overlord  
  44  4:36  Overlord  
  44  4:38  Spore Crawler  
  44  4:44  Roach Warren  
  42  4:55  Drone x12  
  54  5:08  Baneling x2  
  54  5:21  Spine Crawler  
  41  5:44  Roach  
  41  5:45  Roach x7  
  56  5:54  Queen  
  49  6:25  Zergling x4  
  51  6:26  Zergling x2  
  51  6:28  Zergling x6  
  52  6:34  Extractor  
  52  6:36  Queen, Extractor  
  52  6:37  Extractor  
  51  6:40  Drone x2  
  52  6:53  Baneling x2  
  52  6:59  Drone  
  52  7:00  Drone  
  52  7:07  Spore Crawler  
  51  7:09  Spore Crawler  
  51  7:12  Spore Crawler  
  51  7:15  Drone x6  
  54  7:16  Drone x2  
  37  8:01  Drone  
  37  8:02  Drone x7, Spore Crawler x2  
  37  8:03  Overlord x2  
  37  8:04  Overlord x2  
  41  8:10  Evolution Chamber x2  
  39  8:15  Spire, Hydralisk Den  
  39  8:17  Spore Crawler  
  36  8:24  Spore Crawler  
  35  8:36  Drone  
  35  8:37  Drone x6  
  42  8:42  Lurker Den  
  42  9:00  Zerg Missile Weapons Level 1, Zerg Ground Armor Level 1  
  39  9:30  Drone x4  
  39  9:31  Drone x2  
  45  9:34  Drone x6  
  45  9:35  Drone x3  
  54  9:42  Hydralisk x2  
  58  10:01  Corruptor x2, Infestation Pit  
  58  10:02  Hydralisk  
  58  10:03  Hydralisk  
  65  10:08  Extractor x2  
  58  10:21  Lurker x2  
  58  10:24  Corruptor x3  
  61  10:46  Lurker  
  61  10:47  Lurker  
  63  10:51  Roach  
Tags
 
Add a new tag
Caveats
  • Supply blocks, unpowered buildings, or Contaminate may cause inaccurate times.
  • Supply counts are checked every 10 seconds.